[Event "Live Chess"]
[Site "Chess.com"]
[Date "2023.05.20"]
[Round "-"]
[White "KeithArkell"]
[Black "gmnorfolk"]
[Result "1-0"]
[WhiteElo "2607"]
[BlackElo "2126"]
[TimeControl "300"]
[EndTime "15:06:01 PDT"]
[Termination "KeithArkell won by resignation"]

1. d4 Nf6 2. Nf3 g6 3. c4 Bg7 4. g3 O-O 5. Bg2 d5 6. cxd5 Nxd5 7. Nc3 Nxc3 8. bxc3 c5 9. O-O cxd4 10. cxd4 Nc6 11.
e3 Bg4 12. h3 Bxf3 13. Bxf3 e5 14. Bxc6 bxc6 15. Ba3 Re8 16. dxe5 Qa5 17. Bd6 Bxe5 18. Bxe5 Qxe5 19. Qc2 Rac8 20. Rac1 c5 21. Qc4 Qf5 22.
Kg2 Re4 23. Qb5 Rb4 24. Qa6 Qe4+ 25. Kg1 Qe6 26. Qxe6 fxe6 27. Rc3 c4 28. Rd1 Ra4 29. a3 Rc7 30. Rd4 Kf7 31. f4 Ke7 32. Kf2 e5 33. Rd5 exf4 34. gxf4 Rb7 35. Rc5 Rb2+ 36. Kf3 Rb3 37.
R5xc4 Raxa3 38. Rxb3 Rxb3 39. Rc7+ Kf6 40. Rxa7 h5 41.
Ra6+ Kf7 42. h4 Rb1 43. Ke4 Rb4+ 44. Ke5 Rb5+ 45. Kd4 Rb4+ 46. Kd5 Rb5+ 47. Kc4 Rb1 48. Kd5 Rd1+ 49. Ke4 Rb1 50. Rc6 Rb4+ 51. Kd5 Rb5+ 52.
Rc5 Rb3 53. Ke4 Rb4+ 54. Ke5 Rb1 55. Rc7+ Kg8 56. Kf6 Rb6+ 57. Kg5 Kh8 58. e4 Kg8 59. e5 Kf8 60. Rd7 1-0

[Event "Live Chess"]
[Site "Chess.com"]
[Date "2023.05.20"]
[Round "-"]
[White "therealab0ne"]
[Black "raimundklein"]
[Result "0-1"]
[WhiteElo "694"]
[BlackElo "1499"]
[TimeControl "300"]
[EndTime "15:06:12 PDT"]
[Termination "raimundklein won by resignation"]

1. e4 c6 2. d4 d5 3. f3 g6 4.
exd5 cxd5 5. Nc3 Bg7 6. Nge2 Nc6 7. Nxd5 Qxd5 8. Nc3 Qxd4 9. Qxd4 Bxd4 10. Bd3 Bxc3+ 11. bxc3 Nf6 12. O-O O-O 13. Re1 Kg7 14. Ba3 Re8 15. c4 e5 16. Bb2 Bd7 17. f4 exf4 18. Rxe8 Rxe8 19. Rd1 Bg4 20. Rd2 Ne5 21. Bxe5 Rxe5 22. h3 Be6 23. Kf2 Ne4+ 24. Bxe4 Rxe4 25. Kf3 Rxc4 0-1

[Event "Live Chess"]
[Site "Chess.com"]
[Date "2023.05.20"]
[Round "-"]
[White "ShanthamGrarks"]
[Black "JackCheetham1"]
[Result "1/2-1/2"]
[WhiteElo "1873"]
[BlackElo "1699"]
[TimeControl "300"]
[EndTime "15:06:37 PDT"]
[Termination "Game drawn - timeout vs insufficient material"]

1. d4 Nf6 2. Nc3 e6 3. e4 d5 4. Bg5 Be7 5. e5 Nfd7 6. h4 Bxg5 7. hxg5 Qxg5 8. Qd3 h6 9. Nh3 Qe7 10. Nf4 c5 11. Ncxd5 exd5 12. Nxd5 Qd8 13. Qg3 g6 14. e6 Nf6 15. exf7+ Kxf7 16. Nc7 Qe7+ 17. Kd1 Nc6 18. Bc4+ Kg7 19. Re1 Qf8 20. Be6 Nxd4 21. Bxc8 Rxc8 22. c3 Qf7 23. cxd4 Rxc7 24. Rc1 Rd8 25. Ke2 Re7+ 26. Kf1 Rxe1+ 27. Rxe1 cxd4 28. Rd1 Ne4 29. Qh4 Nf6 30. Rxd4 Rxd4 31. Qxd4 a6 32. b3 Qd7 33. Qa1 Qd3+ 34.
Kg1 g5 35. Qe5 Qg6 36. f3 Qb1+ 37. Kh2 Qg6 38. a4 Kh7 39. Qe7+ Qg7 40. Qb4 Qc7+ 41.
g3 Nh5 42. Qe4+ Kg7 43. Qe1 Nxg3 44. Qxg3 Qxg3+ 45. Kxg3 Kg6 46. b4 h5 47. b5 Kf5 48.
bxa6 bxa6 49. a5 h4+ 50. Kg2 Kf4 51. Kf2 g4 52. fxg4 Kxg4 53. Kg2 h3+ 54. Kh2 Kf4 55.
Kxh3 Ke4 56. Kg2 Kd4 57. Kf1 Kc4 58. Ke1 Kb5 59. Kd1 Kxa5 60. Kc2 Kb4 61. Kb2 a5 62. Ka1 1/2-1/2

[Event "Live Chess"]
[Site "Chess.com"]
[Date "2023.05.20"]
[Round "-"]
[White "HonestJoe1"]
[Black "Brooms1989"]
[Result "1/2-1/2"]
[WhiteElo "2115"]
[BlackElo "1063"]
[TimeControl "300"]
[EndTime "15:06:53 PDT"]
[Termination "Game drawn by repetition"]

1. d4 Nf6 2. c4 g6 3. Nc3 Bg7 4. e4 d6 5. Nge2 O-O 6. Ng3 Nbd7 7. Be2 e5 8. d5 Nb6 9. h4 c6 10. h5 gxh5 11. Nxh5 Nxh5 12. Rxh5 cxd5 13. cxd5 Nd7 14. Bh6 Nf6 15. Bxg7 Nxh5 16. Bxf8 Qxf8 17. Bxh5 Qg7 18. g3 Bd7 19. Qf3 Rf8 20. O-O-O f5 21. exf5 Rxf5 22. Qe2 Qg5+ 23. Kb1 Qxh5 24. Qxh5 Rxh5 25. Ne4 Rh6 26. Rc1 Bf5 27. f3 Rh3 28. Rg1 Rh2 29. Kc1 Bxe4 30. fxe4 Re2 31. Rf1 Rxe4 32. Rf6 Rg4 33. Rxd6 Rxg3 34.
Re6 Rg5 35. d6 Rg7 36. Rxe5 Rd7 37. Rd5 Kf8 38. Rf5+ Kg7 39. Rg5+ Kf6 40. Rh5 Kg6 41. Rd5 Kf6 42. Rh5 Kg6 43. Rd5 Kf6 44. Rh5 1/2-1/2

[Event "Live Chess"]
[Site "Chess.com"]
[Date "2023.05.20"]
[Round "-"]
[White "lightningorderyt"]
[Black "JoshMcK"]
[Result "0-1"]
[WhiteElo "519"]
[BlackElo "1563"]
[TimeControl "300"]
[EndTime "15:06:55 PDT"]
[Termination "JoshMcK won by resignation"]

1. d4 d5 2. c4 e6 3. Nc3 Nf6 4. Bg5 Be7 5. e3 O-O 6. Nf3 dxc4 7. Bxc4 Nc6 8. Qb3 Na5 9. Qa4 Nxc4 10. Qxc4 Bd7 11.
Qb3 Bc6 12. Ne5 Bxg2 13. Bxf6 Bxh1 14. Bxe7 Qxe7 15. Kd1 Qg5 16. Ke2 Qh5+ 17. f3 Qxh2+ 18. Kd3 Qh5 19. Qxb7 Rfd8 20. Nc6 Rf8 21. Ne7+ Kh8 22.
f4 Bxb7 0-1

[Event "Live Chess"]
[Site "Chess.com"]
[Date "2023.05.20"]
[Round "-"]
[White "ExIsambard"]
[Black "DaveL5678"]
[Result "0-1"]
[WhiteElo "1950"]
[BlackElo "1025"]
[TimeControl "300"]
[EndTime "15:06:57 PDT"]
[Termination "DaveL5678 won by resignation"]

1. d4 Nf6 2. Nf3 e6 3. Bg5 Nc6 4. e3 g6 5. Bd3 Bg7 6. Nbd2 O-O 7. h4 Qe7 8. h5 Qb4 9. hxg6 fxg6 10. Bh6 Qxb2 11.
Bxg7 Kxg7 12. Ng5 Nb4 13. Rb1 Nxd3+ 14. cxd3 Qc3 15. Rb3 Qa5 16. Qf3 Qxg5 0-1

[Event "Live Chess"]
[Site "Chess.com"]
[Date "2023.05.20"]
[Round "-"]
[White "MrBlond89"]
[Black "LodeshChess"]
[Result "1-0"]
[WhiteElo "1380"]
[BlackElo "1064"]
[TimeControl "300"]
[EndTime "15:07:05 PDT"]
[Termination "MrBlond89 won by resignation"]

1. e4 c6 2. Nf3 d5 3. d3 dxe4 4.
Ng5 exd3 5. Bxd3 Nd7 6. Be3 h6 7. Nf3 Ngf6 8. Nc3 e6 9. O-O Bb4 10. Ne4 O-O 11. a3 Ba5 12. b4 Bb6 13. c4 Bxe3 14.
fxe3 Nxe4 15. Bxe4 c5 16. Ra2 Rb8 17. Raf2 b6 18.
Bb1 cxb4 19. Qc2 Nf6 20. axb4 Ba6 21. b5 Bb7 22. h3 Rc8 23. Ne5 Bd5 24. Ng4 Be4 25.
Nxf6+ gxf6 26. Qxe4 f5 27. Rxf5 exf5 28. Qxf5 1-0

[Event "Live Chess"]
[Site "Chess.com"]
[Date "2023.05.20"]
[Round "-"]
[White "Ed_Knox"]
[Black "CeladonFish"]
[Result "1-0"]
[WhiteElo "1441"]
[BlackElo "1158"]
[TimeControl "300"]
[EndTime "15:07:07 PDT"]
[Termination "Ed_Knox won by resignation"]

1. d4 d6 2. Bf4 Nf6 3. Nf3 g6 4. Nc3 Bg7 5. e4 Nc6 6. Qd2 Nh5 7.
Bh6 Bg4 8. Bxg7 Nxg7 9. Qh6 O-O 10. d5 Bxf3 11. dxc6 bxc6 12. gxf3 Qb8 13. Rb1 Qb4 14.
a3 Qd4 15. Bd3 c5 16. Nb5 Rab8 17. Nxd4 cxd4 1-0

[Event "Live Chess"]
[Site "Chess.com"]
[Date "2023.05.20"]
[Round "-"]
[White "Mikhail_Golubev"]
[Black "Alan_Richardson"]
[Result "1-0"]
[WhiteElo "2505"]
[BlackElo "1675"]
[TimeControl "300"]
[EndTime "15:07:32 PDT"]
[Termination "Mikhail_Golubev won on time"]

1. e4 c5 2. Nf3 Nc6 3. c3 Nf6 4. e5 Nd5 5. d4 cxd4 6. Bc4 Nb6 7. Bb3 d5 8. exd6 Qxd6 9. O-O dxc3 10. Nxc3 Qxd1 11.
Rxd1 Bg4 12. Nb5 Rc8 13. Bf4 Bxf3 14. gxf3 e5 15. Be3 Be7 16. Nxa7 Nxa7 17. Bxb6 Nc6 18.
Rac1 O-O 19. Rd7 Bg5 20. Rcd1 Nd4 21. Bxd4 exd4 22. R1xd4 Bf6 23. Rb4 Bxb2 24. Rbxb7 Kh8 25. Bxf7 Be5 26. Rd2 Rc1+ 27. Kg2 Ra1 28. Re2 Bf6 29.
Bb3 Rc1 30. Rc2 Ra1 31. Rbc7 h6 32. Rc8 Rxc8 33. Rxc8+ Kh7 34. Bc2+ g6 35. Rc7+ Bg7 36. Ra7 h5 37. Ra6 Kg8 38. Bxg6 Be5 39. Bxh5 Kg7 40.
Bg4 Bf4 41. h4 Be5 42. h5 Bf4 43. Rg6+ Kf7 44. Be6+ 1-0

[Event "Live Chess"]
[Site "Chess.com"]
[Date "2023.05.20"]
[Round "-"]
[White "risinghelios"]
[Black "xx_blindpuffin_xx"]
[Result "0-1"]
[WhiteElo "1916"]
[BlackElo "2211"]
[TimeControl "300"]
[EndTime "15:07:42 PDT"]
[Termination "xx_blindpuffin_xx won by resignation"]

1. e4 c6 2. d4 d5 3. exd5 cxd5 4.
Nf3 Nf6 5. Bb5+ Nc6 6. O-O Bf5 7. c3 e6 8. Ne5 Rc8 9. Qa4 Qb6 10. Nd2 Bd6 11.
Ndf3 a6 12. Bxc6+ bxc6 13. Bg5 Qb5 14. Qxb5 cxb5 15. a4 b4 16. Bd2 b3 17. Bf4 O-O 18. Nd2 Bc2 19. Bg3 Rfd8 20. f4 Ne4 21. Nxe4 Bxe4 22.
Rfc1 h5 23. Re1 f6 24. Nf3 Kf7 25. Kf2 Rc7 26. Nd2 Bc2 27. Nf3 Rb8 28. Nh4 g5 29.
fxg5 Bxg3+ 30. Kxg3 fxg5 31. Nf3 Kf6 32. Ne5 Bf5 33.
Rf1 h4+ 34. Kf3 Ke7 35. Ke3 Kd6 36. g3 hxg3 37. hxg3 g4 38. Rf4 Rh7 39. Nxg4 Rg8 40. Nf6 Rxg3+ 41. Kf2 Rhh3 42. Rg1 Rxg1 43. Kxg1 Rd3 44.
Rf2 Rd1+ 45. Kg2 Ra1 46. Ne8+ Kd7 47. Nf6+ Kc6 48. Ne8 Rxa4 49. Ng7 Be4+ 50. Kg3 Ra1 51. Nxe6 Kd6 52. Nd8 Rb1 53. Nb7+ Kc6 54. Nc5 Bc2 55. Nxa6 Rxb2 56. Nb4+ Kb5 57. Nxd5 Kc4 58. Ne3+ Kd3 59. Nxc2 bxc2 60. Rf3+ Kc4 61. Rf1 Rb1 0-1

[Event "Live Chess"]
[Site "Chess.com"]
[Date "2023.05.20"]
[Round "-"]
[White "SupremeTactician"]
[Black "colourmefree"]
[Result "1-0"]
[WhiteElo "2367"]
[BlackElo "397"]
[TimeControl "300"]
[EndTime "15:07:42 PDT"]
[Termination "SupremeTactician won by resignation"]

1. e4 e6 2. d4 d5 3. Nd2 Nc6 4.
c3 dxe4 5. Nxe4 e5 6. d5 Nce7 7. c4 Nf6 8. Nxf6+ gxf6 9. Nf3 e4 10. Nd4 Nc6 11. dxc6 bxc6 12. Nxc6 Qxd1+ 13. Kxd1 Bd7 14. Nd4 Ba4+ 15. b3 Bc5 16. Be3 Bd7 17. Kc2 Bxd4 18. Bxd4 e3 19. Re1 Bf5+ 20. Bd3 Bxd3+ 21. Kxd3 O-O 22. Rxe3 Rfd8 23. Kc3 Rd7 24. Bxf6 Rd6 25. Rg3+ Kf8 26. Bg7+ Ke7 27. Re1+ Kd7 28. Rf3 Kc6 29. Rf6 Rxf6 30. Bxf6 Rd8 31. Bxd8 1-0

[Event "Live Chess"]
[Site "Chess.com"]
[Date "2023.05.20"]
[Round "-"]
[White "parcellforce"]
[Black "Conradical12"]
[Result "0-1"]
[WhiteElo "1381"]
[BlackElo "1601"]
[TimeControl "300"]
[EndTime "15:07:53 PDT"]
[Termination "Conradical12 won by resignation"]

1. d4 e5 2. c4 exd4 3. Qxd4 Nc6 4. Qd1 Nf6 5. Nf3 Bb4+ 6. Bd2 Qe7 7. Bxb4 Qxb4+ 8. Qd2 Ne4 9. Qxb4 Nxb4 10. Na3 O-O 11. e3 Re8 12. Be2 f5 13. O-O g5 14.
Rfd1 c5 15. b3 a6 16. Bf1 b6 17. Nd2 Nc3 18. Rdc1 Ncxa2 19. Rc2 Nxc2 20. Nxc2 Nb4 21. Nxb4 cxb4 22. Nf3 g4 23. Nd4 Rf8 24. Bd3 d6 25.
Nc6 Bb7 26. Nd4 f4 27. exf4 Rxf4 28. Ne6 Rf6 29. Nd4 Raf8 30. Ra2 h5 31. Nc2 Rxf2 0-1

[Event "Live Chess"]
[Site "Chess.com"]
[Date "2023.05.20"]
[Round "-"]
[White "LL220284LL"]
[Black "inspireyou"]
[Result "1-0"]
[WhiteElo "2378"]
[BlackElo "1462"]
[TimeControl "300"]
[EndTime "15:08:00 PDT"]
[Termination "LL220284LL won by resignation"]

1. d4 Nf6 2. Bg5 d5 3. e3 c5 4. Nd2 e6 5. Ngf3 Nc6 6. c3 h6 7. Bh4 a6 8. Bd3 Be7 9. O-O O-O 10. Re1 b5 11. dxc5 Bxc5 12. e4 dxe4 13. Nxe4 Bd6 14. Nxd6 1-0

[Event "Live Chess"]
[Site "Chess.com"]
[Date "2023.05.20"]
[Round "-"]
[White "Salpingidis"]
[Black "PiotrJanas"]
[Result "0-1"]
[WhiteElo "2207"]
[BlackElo "1604"]
[TimeControl "300"]
[EndTime "15:08:04 PDT"]
[Termination "PiotrJanas won by checkmate"]

1. d4 d6 2. c4 f5 3. Nc3 Nf6 4.
Bg5 Nbd7 5. Qc2 e6 6. e4 fxe4 7.
Nxe4 Be7 8. Bd3 Nxe4 9. Bxe7 Qxe7 10. Bxe4 Nf6 11. Bf3 O-O 12. Ne2 e5 13. dxe5 Qxe5 14.
g3 Bh3 15. O-O-O Rab8 16. Nf4 Bf5 17. Qd2 Qc5 18. Qd4 Qa5 19. a3 Rfe8 20. Nd5 Ne4 21. Rhe1 Nc5 22. Re3 Rxe3 23. Qxe3 Kf8 24. Qe7+ Kg8 25.
Qe3 Kf8 26. g4 Re8 27. Qf4 Nb3# 0-1

[Event "Live Chess"]
[Site "Chess.com"]
[Date "2023.05.20"]
[Round "-"]
[White "NomisY"]
[Black "chessfiction"]
[Result "0-1"]
[WhiteElo "1519"]
[BlackElo "2348"]
[TimeControl "300"]
[EndTime "15:08:05 PDT"]
[Termination "chessfiction won by resignation"]

1. d4 d5 2. c4 e5 3. dxe5 d4 4. Nf3 Nc6 5. a3 Bg4 6. Nbd2 Qd7 7. b4 O-O-O 8. b5 Na5 9. Qa4 b6 10. Ne4 Nh6 11. c5 Qd5 12. cxb6 axb6 13. Bxh6 Qxe4 14. Bd2 Bc5 15. Bxa5 bxa5 16. Qxa5 d3 17. Qa8+ Qxa8 0-1

[Event "Live Chess"]
[Site "Chess.com"]
[Date "2023.05.20"]
[Round "-"]
[White "Asperasummitatem"]
[Black "Hussamalhaidar"]
[Result "1-0"]
[WhiteElo "1285"]
[BlackElo "1020"]
[TimeControl "300"]
[EndTime "15:08:06 PDT"]
[Termination "Asperasummitatem won by resignation"]

1. e4 Nc6 2. Nf3 e5 3. Bb5 a6 4.
Ba4 Bc5 5. c3 d6 6. d4 exd4 7.
cxd4 Ba7 8. O-O Bg4 9. e5 dxe5 10. Bxc6+ bxc6 11. dxe5 Qxd1 12. Rxd1 Bxf3 13. gxf3 Ne7 14. b3 O-O 15. Bb2 Rad8 16. Rxd8 Rxd8 17. Nc3 Bd4 18. Rd1 c5 19. Ne2 Nf5 20. Nxd4 cxd4 21. Kf1 Nh4 22. Ke2 Ng2 23. Rxd4 Rxd4 24. Bxd4 Nf4+ 25. Ke3 Nd5+ 26. Ke4 c6 27. Bc5 g6 28. Kd4 h5 29.
Kc4 Nf4 30. Kb4 Nd3+ 31. Kc4 Nxe5+ 32. Kb4 Nxf3 33. Ka5 Ne1 34. Kxa6 Nd3 35. Be3 f5 36. a4 Kf7 37. Kb6 Ne5 38. a5 Nd7+ 39. Kxc6 Ke6 40. a6 Nb8+ 41. Kb7 Nd7 42. a7 Nc5+ 43. Bxc5 Kd5 44.
Be3 g5 45. Bxg5 1-0

[Event "Live Chess"]
[Site "Chess.com"]
[Date "2023.05.20"]
[Round "-"]
[White "blowerd"]
[Black "WilliamofOrange16th"]
[Result "0-1"]
[WhiteElo "1381"]
[BlackElo "1837"]
[TimeControl "300"]
[EndTime "15:08:07 PDT"]
[Termination "WilliamofOrange16th won on time"]

1. e4 d6 2. Nf3 Nf6 3. Bc4 Nxe4 4. O-O d5 5. Bb3 c6 6. d3 Nf6 7. Bg5 e6 8. Re1 Be7 9. Nc3 O-O 10. Ne5 Nbd7 11. Nxd7 Bxd7 12. Qe2 h6 13. Bh4 Nh7 14. Bxe7 Qxe7 15. a3 Rae8 16. Nd1 Qg5 17. Ne3 e5 18. Qf3 e4 19. dxe4 Rxe4 20. Qg3 Qf6 21. c3 Rfe8 22.
Bc2 Rf4 23. Rad1 h5 24. Nf1 Rg4 25. Rxe8+ Bxe8 26. Qe3 Bd7 27. Qxa7 Nf8 28. Qxb7 Qg5 29. g3 Be6 30. Qxc6 Rc4 31. Qe8 h4 32. Bh7+ Kxh7 33.
Qxf8 hxg3 34. Nxg3 Rg4 35. Qd6 Rf4 36. Rd4 Rxd4 37. cxd4 Qc1+ 38. Kg2 Qxb2 39. Qf4 Qxa3 40. Qh4+ Kg8 41. Qd8+ Qf8 42. Qxf8+ Kxf8 43. Nh5 g6 44. Nf4 Ke7 45. Nxe6 Kxe6 0-1

[Event "Live Chess"]
[Site "Chess.com"]
[Date "2023.05.20"]
[Round "-"]
[White "LodeshChess"]
[Black "JoshMcK"]
[Result "1-0"]
[WhiteElo "1093"]
[BlackElo "1548"]
[TimeControl "300"]
[EndTime "15:08:10 PDT"]
[Termination "LodeshChess won by resignation"]

1. e4 c6 2. Nf3 d5 3. d3 dxe4 4.
Ng5 exd3 5. Bxd3 Nf6 6. Nxf7 Kxf7 7. Bg6+ Kg8 8. Qxd8 Nbd7 9. Qc7 Ne5 10. Qxe5 Ng4 11.
Qf4 1-0

[Event "Live Chess"]
[Site "Chess.com"]
[Date "2023.05.20"]
[Round "-"]
[White "Singapourfeuj"]
[Black "Missedidea"]
[Result "1-0"]
[WhiteElo "2237"]
[BlackElo "1734"]
[TimeControl "300"]
[EndTime "15:08:17 PDT"]
[Termination "Singapourfeuj won by resignation"]

1. d4 Nf6 2. Nf3 g6 3. g3 Bg7 4. Bg2 O-O 5. O-O d6 6. Nc3 Nbd7 7. h3 c5 8. e4 cxd4 9. Nxd4 a6 10. a4 Rb8 11. Re1 Qc7 12. Be3 Nc5 13. Nd5 Nxd5 14. exd5 a5 15. c3 Bd7 16. b4 axb4 17.
cxb4 Na6 18. Rc1 Qd8 19. b5 Nc5 20. Bg5 f6 21. Be3 h6 22. Qd2 Kh7 23. a5 f5 24. b6 Bxd4 25. Bxd4 Nb3 26. Qe3 Nxc1 27. Qxe7+ Qxe7 28. Rxe7+ Kg8 29. Rg7+ Kh8 30. Rxd7+ Kg8 31. Rg7+ Kh8 32. Rxg6+ Kh7 33. Rg7+ Kh8 34. Rxb7+ Kg8 35. Rxb8 Rxb8 36. Bf1 Nb3 37. a6 Nxd4 38. a7 Nf3+ 39. Kg2 Ne1+ 40. Kh1 Rc8 41. b7 Rc1 42. b8=Q+ Kg7 43.
Qb2+ 1-0

[Event "Live Chess"]
[Site "Chess.com"]
[Date "2023.05.20"]
[Round "-"]
[White "McSlash1"]
[Black "Long1968"]
[Result "1-0"]
[WhiteElo "2012"]
[BlackElo "1205"]
[TimeControl "300"]
[EndTime "15:08:18 PDT"]
[Termination "McSlash1 won on time"]

1. e4 e6 2. d4 d5 3. Nd2 Nf6 4. e5 Nfd7 5. Bd3 c5 6. c3 Nc6 7. Ngf3 Qb6 8. dxc5 Bxc5 9. Qe2 O-O 10. O-O a6 11. Nb3 Be7 12. Ng5 h6 13. h4 hxg5 14.
hxg5 g6 15. Be3 Qc7 16. f4 b5 17. Rf3 Bb7 18. Qc2 Kg7 19. g4 Rh8 20. f5 Rh4 21. fxg6 Rxg4+ 22. Kf2 Ndxe5 23. gxf7 Nxf3 24. Bh7 Nce5 25. Bd4 Bxg5 26. Qg6+ Kf8 27. Qg8+ Ke7 28. Bc5+ Kd7 29. f8=Q Rxf8 30. Qxf8 Qd8 31. Qd6+ Kc8 32. Qxe6+ 1-0

[Event "Live Chess"]
[Site "Chess.com"]
[Date "2023.05.20"]
[Round "-"]
[White "WelshTiger"]
[Black "wot-not"]
[Result "1-0"]
[WhiteElo "2389"]
[BlackElo "1520"]
[TimeControl "300"]
[EndTime "15:08:22 PDT"]
[Termination "WelshTiger won by resignation"]

1. e4 e6 2. Nf3 d5 3. e5 c5 4.
b4 cxb4 5. a3 bxa3 6. Bxa3 Bxa3 7.
Nxa3 Ne7 8. Nb5 O-O 9. d4 a6 10. Bd3 Nbc6 11. O-O Nf5 12. Bxf5 exf5 13. Nd6 b5 14.
Qd3 Be6 15. Nxf5 Bxf5 16. Qxf5 Qb6 17. c3 a5 18. Ng5 g6 19. Qf4 b4 20. Qh4 h5 21. Rfb1 Kg7 22. Nf3 Ne7 23. Qxe7 Rae8 24. Qh4 Qc6 25. cxb4 axb4 26. Rxb4 Qc3 27. Rab1 Rc8 28.
Qf6+ Kg8 29. h3 Qd3 30. e6 Rc2 31. exf7+ Rxf7 32. Rb8+ 1-0

[Event "Live Chess"]
[Site "Chess.com"]
[Date "2023.05.20"]
[Round "-"]
[White "GEMdzq"]
[Black "Tushinskiy"]
[Result "0-1"]
[WhiteElo "2228"]
[BlackElo "2151"]
[TimeControl "300"]
[EndTime "15:08:25 PDT"]
[Termination "Tushinskiy won on time"]

1. e4 e5 2. Nf3 d6 3. Bc4 Bg4 4. O-O Nf6 5. d4 Nbd7 6. c3 Bh5 7. Qb3 Rb8 8. dxe5 dxe5 9. Rd1 Bd6 10. Bg5 O-O 11. Nbd2 Qe7 12. Re1 b5 13. Bd3 c5 14.
Qc2 c4 15. Be2 h6 16. Bh4 Nc5 17. b4 Ne6 18. Nf1 Nf4 19. Ne3 Bg6 20. g3 Nxe2+ 21. Rxe2 Qe6 22. Nf5 Nxe4 23. Nxh6+ gxh6 24. Rxe4 Qd5 25. Rae1 Rbe8 26. Nd2 Bc7 27. Qd1 Bxe4 28. Nxe4 Qxd1 29.
Nf6+ Kh8 30. Rxd1 Rd8 31. Nd7 Rfe8 32. Bxd8 Rxd8 33. Kf1 Kg7 34. Ke2 f5 35. Nc5 Rxd1 36. Kxd1 Kf7 37. Ke2 Bb6 38. Nd7 Bc7 39. Nc5 Ke7 40.
h4 Kd6 41. a4 Bb6 42. Nb7+ Kc6 43. Na5+ Bxa5 44. bxa5 bxa4 45. Kd2 h5 46. f3 a3 47. Kc2 e4 48. fxe4 fxe4 49. g4 a2 50. Kb2 e3 51.
gxh5 e2 52. h6 a1=Q+ 53. Kxa1 e1=Q+ 54. Kb2 Qxh4 0-1

[Event "Live Chess"]
[Site "Chess.com"]
[Date "2023.05.20"]
[Round "-"]
[White "chrisbradgate"]
[Black "JoeRoot66"]
[Result "0-1"]
[WhiteElo "861"]
[BlackElo "1910"]
[TimeControl "300"]
[EndTime "15:08:26 PDT"]
[Termination "JoeRoot66 won by checkmate"]

1. d4 d5 2. Bf4 Nf6 3. e3 c5 4. c3 Nc6 5. dxc5 e5 6. Bg3 Bxc5 7. Bb5 Bd6 8. Bxc6+ bxc6 9. Ne2 Ba6 10. O-O Rb8 11.
Re1 Rxb2 12. Nd2 O-O 13. Nf3 e4 14. Ne5 Qc7 15. Nc1 Bxe5 16. Bxe5 Qxe5 17. f3 exf3 18. Qxf3 Ne4 19. Ne2 Bxe2 20. Rxe2 Rxe2 21. Qxe2 Qxc3 22. Rf1 Nd2 23. Rf4 Nc4 24. Qh5 Qxe3+ 25. Kh1 Qe1+ 26. Rf1 Qxf1# 0-1

[Event "Live Chess"]
[Site "Chess.com"]
[Date "2023.05.20"]
[Round "-"]
[White "CameronM1234"]
[Black "omisoc"]
[Result "0-1"]
[WhiteElo "1104"]
[BlackElo "2137"]
[TimeControl "300"]
[EndTime "15:08:41 PDT"]
[Termination "omisoc won by checkmate"]

1. e4 g6 2. Nf3 Bg7 3. g3 d6 4. Bg2 c5 5. d3 Nc6 6. c3 Bg4 7. h3 Bxf3 8. Qxf3 Nf6 9. Nd2 O-O 10. Nb3 Rc8 11. O-O a6 12. a4 c4 13. Nd2 Ne5 14. Qd1 Nxd3 15. Nxc4 Nxc1 16. Ne3 b5 17. axb5 axb5 18.
Qxc1 b4 19. Rd1 bxc3 20. bxc3 Nd7 21. Ra7 Rxc3 22. Qb1 Rxe3 23. fxe3 Nc5 24. Qa2 Be5 25. Kh2 e6 26. Rb1 Qh4 27. Qf2 Qg5 28. Rf1 f6 29.
Re7 h5 30. h4 Qxh4+ 31. Kg1 Bxg3 32. Qxg3 Qxg3 33. Kh1 Nxe4 34. Bxe4 Qh4+ 35. Kg2 Qxe4+ 36.
Kf2 Ra8 37. Re1 Ra2+ 38. Re2 Rxe2+ 39. Kxe2 h4 40. Ra7 h3 41. Ra1 h2 42. Re1 h1=Q 43.
Rxh1 Qxh1 44. e4 Qxe4+ 45. Kd2 g5 46. Kc3 g4 47. Kb3 g3 48. Kc3 g2 49. Kd2 g1=Q 50.
Kc3 Qg3+ 51. Kd2 Qee3+ 52. Kc2 Qc3+ 53. Kd1 Qge1# 0-1

[Event "Live Chess"]
[Site "Chess.com"]
[Date "2023.05.20"]
[Round "-"]
[White "Shepherds_Pie"]
[Black "raminguy"]
[Result "1/2-1/2"]
[WhiteElo "1927"]
[BlackElo "1952"]
[TimeControl "300"]
[EndTime "15:08:42 PDT"]
[Termination "Game drawn by agreement"]

1. c4 e6 2. Nc3 d5 3. d4 a6 4. Nf3 dxc4 5. a4 Nc6 6. e4 Na5 7. g3 Nf6 8. Bg2 Nb3 9. Rb1 c6 10. Nd2 Qxd4 11. O-O Bb4 12. e5 Nd5 13. Nxb3 Qxd1 14.
Rxd1 Bxc3 15. Bxd5 cxd5 16. bxc3 cxb3 17. Rxb3 O-O 18.
Ba3 Rd8 19. a5 Rd7 20. Bd6 f6 21. f4 h5 22. h4 Kf7 23. Kf2 g6 24. Ke3 f5 25. Kd4 Rd8 26. Rc1 Ke8 27. c4 dxc4 28. Rxc4 Rd7 29. Rbc3 Kd8 30. Kc5 b6+ 31. axb6 Bb7 32.
Bc7+ Ke8 33. Rd4 a5 34. Rxd7 Kxd7 35. Rd3+ Ke8 36. Rd6 Ke7 37. Rd3 a4 38. Ra3 Kd7 39. Kb4 Bd5 40. Rxa4 Rxa4+ 41. Kxa4 Kc6 42. Kb4 Bg2 43.
Ka5 Bf1 44. Bd6 Bc4 45. Bc7 Be2 46. Kb4 Bd3 47. Kc3 Be4 48. Kd4 Bd5 1/2-1/2

[Event "Live Chess"]
[Site "Chess.com"]
[Date "2023.05.20"]
[Round "-"]
[White "GMHarry-youtube"]
[Black "lateforthesky"]
[Result "1-0"]
[WhiteElo "2031"]
[BlackElo "2083"]
[TimeControl "300"]
[EndTime "15:08:43 PDT"]
[Termination "GMHarry-youtube won by resignation"]

1. e4 c5 2. Nf3 Nf6 3. e5 Nd5 4. d4 cxd4 5. Qxd4 e6 6. c4 Nc6 7.
Qd1 Nde7 8. Nc3 Ng6 9. Qe2 a6 10. h4 Qc7 11. h5 Ngxe5 12. Bf4 Nd3+ 13. Qxd3 Qxf4 14. g3 Qc7 15. O-O-O Be7 16. h6 g6 17. Nd4 O-O 18. Nxc6 dxc6 19. Qd4 e5 20. Qe3 f5 21.
c5 Be6 22. f4 exf4 23. Qxe6+ Rf7 24. Bc4 Rf8 25. Rd7 1-0

[Event "Live Chess"]
[Site "Chess.com"]
[Date "2023.05.20"]
[Round "-"]
[White "Jo1ts"]
[Black "AbilifyXL"]
[Result "0-1"]
[WhiteElo "765"]
[BlackElo "1972"]
[TimeControl "300"]
[EndTime "15:08:45 PDT"]
[Termination "AbilifyXL won by resignation"]

1. d4 d5 2. Bf4 c6 3. Nf3 Nf6 4. e3 Bg4 5. Be2 e6 6. h3 Bh5 7.
Nbd2 Bd6 8. Ne5 Bg6 9. g4 Qc7 10. h4 h6 11. h5 Bh7 12. c3 Nbd7 13. Ndf3 Be4 14. Bd3 Bxf3 15. Qxf3 Nxe5 16. Bxe5 Bxe5 17. dxe5 Qxe5 18. O-O-O O-O-O 19. Kb1 Qg5 20. Rhg1 Rhe8 21. e4 dxe4 22. Bxe4 Rxd1+ 23. Rxd1 Qxg4 24. Qxg4 Nxg4 25. Bf3 Nxf2 26. Rd2 Nh3 27. Rg2 Ng5 28. Rf2 f5 29. Bg2 Kd7 30. Rd2+ Ke7 31. Re2 Kf6 32. Rd2 e5 33.
Rd6+ Re6 34. Rd7 Re7 35. Rd6+ Ne6 36. Bh3 e4 37. Bf1 Ke5 38. Rd1 f4 0-1

[Event "Live Chess"]
[Site "Chess.com"]
[Date "2023.05.20"]
[Round "-"]
[White "CheckThis4"]
[Black "mikkyb4"]
[Result "1-0"]
[WhiteElo "2547"]
[BlackElo "1007"]
[TimeControl "300"]
[EndTime "15:08:54 PDT"]
[Termination "CheckThis4 won by checkmate"]

1. d4 g6 2. Nc3 Bg7 3. h4 h5 4. e4 d6 5. Be3 e5 6. Nge2 Nc6 7. d5 Nce7 8. f3 f5 9. Qd2 f4 10. Bf2 Nf6 11. Nc1 Nh7 12. Nb3 g5 13. hxg5 Nxg5 14. O-O-O a6 15. a4 Bd7 16. Kb1 Qb8 17.
Na5 b5 18. Bh4 Bh6 19. Nc6 Nxc6 20. dxc6 Be6 21. Nd5 bxa4 22. Bc4 Kf7 23. Qa5 Rc8 24.
Qxa4 a5 25. Bxg5 Bxg5 26. Rxh5 Kg6 27. Rdh1 Qa7 28. Ne7+ Kf6 29. Nxc8 Rxc8 30. Bxe6 Rb8 31. Bb3 Qf2 32. Qc4 Qxg2 33. Qf7# 1-0

[Event "Live Chess"]
[Site "Chess.com"]
[Date "2023.05.20"]
[Round "-"]
[White "wadsy27"]
[Black "f4nomore"]
[Result "1-0"]
[WhiteElo "2560"]
[BlackElo "1416"]
[TimeControl "300"]
[EndTime "15:08:55 PDT"]
[Termination "wadsy27 won by resignation"]

1. c4 g6 2. g3 Bg7 3. Bg2 d6 4. Nc3 Nd7 5. Nf3 a6 6. O-O Ngf6 7. d4 O-O 8. e4 e5 9. h3 exd4 10. Nxd4 Nc5 11. Re1 Re8 12. Qc2 Bd7 13. Be3 Qc8 14. Kh2 Ncxe4 15. Nxe4 Nxe4 16. Bxe4 Bxh3 17. Bxb7 Qxb7 18.
Kxh3 c5 19. Nb3 Qd7+ 20. Kh2 Re5 21. Kg2 Rh5 22. Rh1 Qc6+ 23. f3 Rxh1 24. Rxh1 Re8 25. Bf2 h5 26. Re1 Rxe1 27. Bxe1 Qe8 28. Bf2 Qe6 29.
Qe4 Qf6 30. Qe2 Kh7 31. Nc1 Qxb2 32. Qxb2 Bxb2 33. Nd3 Ba3 34. Nf4 f5 35. Nd5 Kg7 36. Be3 Kf7 37. Bf4 Ke6 38. Kh3 a5 39. Kh4 a4 40. Kg5 Kf7 41. Bxd6 Bc1+ 42. Nf4 Be3 43. Kh4 Kf6 44. Nd5+ 1-0